 Dungeon Crawl Stone Soup version 0.20.1-1-g8b1a95d (webtiles) character file.

66 Irenicus the Poker (level 4, 0/49 HPs)
             Began as a Merfolk Skald on Oct 14, 2017.
             Succumbed to an adder's poison
             ... on level 2 of the Dungeon.
             The game lasted 00:03:16 (1473 turns).

Irenicus the Poker (Merfolk Skald)                  Turns: 1473, Time: 00:03:17

Health: 0/49       AC: 22    Str: 10 (11) XL:     4   Next: 15%
Magic:  7/7        EV:  2    Int: 11 (12) God:
Gold:   86         SH:  0    Dex: 12 (14) Spells: 6/7 levels left

rFire    . . .     SeeInvis .   a - +0 spear
rCold    . . .     Gourm    .   (no shield)
rNeg     + + +     Faith    .   (armour currently unavailable)
rPois    +         Spirit   .   (helmet currently unavailable)
rElec    .         Reflect  .   (cloak currently unavailable)
rCorr    .         Harm     .   (gloves currently unavailable)
MR       .....     NoTele   +   (boots currently unavailable)
Stlth    +.........             (no amulet)
Regen    0.2/turn               (no ring)
MPRegen  0.1/turn               (no ring)

@: lethally poisoned (0 -> -1), tree-form
A: (change form in water), (swift swim), (stealthy swim)
a: no special abilities


You were on level 2 of the Dungeon.
You were not hungry.
You were a tree.
You visited 1 branch of the dungeon, and saw 2 of its levels.

You collected 86 gold pieces.

Inventory:

Hand Weapons
 a - a +0 spear (weapon)
Armour
 b - a +0 leather armour (melded)
Scrolls
 e - 3 scrolls of identify
 f - a scroll of random uselessness {unknown}
 g - a scroll of fog {unknown}
 h - a scroll of enchant weapon {unknown}
 i - a scroll of fear {unknown}
 k - a scroll of recharging {unknown}
 l - a scroll of teleportation {unknown}
Books
 c - a book of Battle

   Spells                             Type                      Level
   a - Infusion                       Charms                       1
   b - Shroud of Golubria             Charms/Translocation         2
   c - Song of Slaying                Charms                       2
   d - Spectral Weapon                Hexes/Charms                 3
   e - Regeneration                   Charms/Necromancy            3
Comestibles
 d - 2 bread rations


   Skills:
 - Level 2.1 Fighting
 + Level 6.3 Polearms
 - Level 0.6 Armour
 - Level 2.6 Dodging
 - Level 2.0 Spellcasting
 - Level 3.2 Charms


You had 6 spell levels left.
You knew the following spells:

 Your Spells              Type           Power        Failure   Level  Hunger
a - Infusion              Chrm           #...         8%          1    ##.....


Dungeon Overview and Level Annotations

Branches:
Dungeon (2/15)

Altars:


Message History

Your memorisation is interrupted.
* * * LOW HITPOINT WARNING * * *
You feel sick.
This spell is slightly dangerous to cast.
Memorise Regeneration, consuming 3 spell levels and leaving 3?
You start memorising the spell.
You continue memorising. x3
Your memorisation is interrupted.
* * * LOW HITPOINT WARNING * * *
You feel sick.
This spell is slightly dangerous to cast.
Memorise Regeneration, consuming 3 spell levels and leaving 3?
You start memorising the spell.
You continue memorising. x3
Your memorisation is interrupted.
* * * LOW HITPOINT WARNING * * *
You feel sick.
This spell is slightly dangerous to cast.
Memorise Regeneration, consuming 3 spell levels and leaving 3?
You start memorising the spell.
You continue memorising. x3
Your memorisation is interrupted.
You die...

#.# #.......# #.# ##.....##
##.##################...##
#..................>..######
#..#################..#.....
#..# ##########..#..... #..#
#...........#..... #..#
#.########.##..... #..# #♣#
#.#,..>.. #..# #†# #.#,.....
#..# #.# #.#,..... ##..#
*#.# #.#,..... #...# *..#
#.#,..... ##..# *.##
#.#,####. #..# #.# #.#,* #.
##..#######.# #.#,* ##
#.........#.# #.#.#####


There were no monsters in sight!

Vanquished Creatures
  A gnoll (D:1)
  An adder (D:2)
  An ooze (D:1)
  A dart slug (D:2)
  2 leopard geckos (D:2)
  4 bats (D:1)
  3 giant cockroaches
  5 goblins
  4 hobgoblins
  4 jackals (D:2)
  5 kobolds
  A frilled lizard (D:1)
  3 rats (D:1)
35 creatures vanquished.

Notes
Turn   | Place    | Note
-------+----------+-------------------------------------------
     0 | D:1      | Irenicus the Merfolk Skald began the quest for the Orb.
     0 | D:1      | Reached XP level 1. HP: 16/16 MP: 3/3
   138 | D:1      | Reached skill level 4 in Polearms
   138 | D:1      | Reached XP level 2. HP: 13/22 MP: 5/5
   718 | D:1      | Reached XP level 3. HP: 27/27 MP: 6/6
   746 | D:1      | Reached skill level 5 in Polearms
  1362 | D:2      | Reached skill level 6 in Polearms
  1398 | D:2      | Reached XP level 4. HP: 24/33 MP: 7/7
  1455 | D:2      | HP: 2/49 [poisoned by an adder]
  1461 | D:2      | HP: 1/49 [poisoned by an adder]
  1469 | D:2      | HP: 1/49 [poisoned by an adder]
  1473 | D:2      | Succumbed to an adder's poison

Skill      XL: |  1  2  3 |
---------------+----------+-----
Polearms       | 4 6 |  6.3
Fighting       | |  2.1
Armour         | |  0.6
Dodging        | |  2.6
Spellcasting   | |  2.0
Charms         | |  3.2

Action                   |  1- 3 |  4- 6 || total
-------------------------+-------+-------++-------
Melee: Spear             |   137 |    19 ||   156
 Cast: Infusion          |     2 |       ||     2
  Use: Scroll            |       |     2 ||     2
       Potion            |       |     2 ||     2
 Stab: Sleeping          |     1 |       ||     1
       Distracted        |     1 |       ||     1
  Eat: Chunk             |     2 |       ||     2
Armor: Leather armour    |    28 |     2 ||    30
       Skin              |       |     3 ||     3
Dodge: Dodged            |    77 |     8 ||    85
